 Dungeon Crawl Stone Soup version 0.18.1-50-g88ac8fd (webtiles) character file.

14 Charly the Sneak (level 2, -4/13 HPs)
             Began as a Spriggan Enchanter on Oct 3, 2016.
             Slain by a hound (5 damage)
             ... on level 4 of the Dungeon.
             The game lasted 00:06:45 (439 turns).

Charly the Sneak (Spriggan Enchanter)                Turns: 439, Time: 00:06:45

Health: -4/13      AC:  3    Str:  4    XL:     2   Next: 27%
Magic:  2/6        EV: 18    Int: 16    God:
Gold:   18         SH:  0    Dex: 16    Spells: 2 memorised, 3 levels left

rFire  . . .     SeeInvis +     a - +1 dagger
rCold  . . .     Gourm    .     b - +1 robe
rNeg   . . .     Faith    .     (shield restricted)
rPois  .         Spirit   .     (helmet restricted)
rElec  .         Dismiss  .     (no cloak)
rCorr  .         Reflect  .     (gloves unavailable)
SustAt .         Harm     .     (boots unavailable)
MR     .....                    (no amulet)
Stlth  +++.......               (no ring)
                                (no ring)

@: very quick, not resistant to hostile enchantments, fairly stealthy
A: unfitting armour, see invisible, herbivore 3, speed 3, slow metabolism 2
a: no special abilities


You were on level 4 of the Dungeon.
You were not hungry.

You visited 1 branch of the dungeon, and saw 4 of its levels.

You collected 18 gold pieces.

Inventory:

Hand Weapons
 a - a +1 dagger (weapon)
Armour
 b - a +1 robe (worn)
Scrolls
 e - 2 scrolls of random uselessness {unknown}
 f - a scroll of amnesia {unknown}
 g - a scroll of remove curse {unknown}
 i - 3 scrolls of identify {unknown}
 k - a scroll of teleportation {unknown}
 n - a scroll of fear {unknown}
Potions
 h - a potion of degeneration {unknown}
 j - a potion of cancellation {unknown}
 l - a potion of heal wounds {unknown}
 m - a potion of flight {unknown}
 o - a potion of might {unknown}
 p - 2 potions of curing {unknown}
Books
 c - a book of Maledictions

   Spells                             Type                      Level
   a - Corona                         Hexes                        1
   b - Ensorcelled Hibernation        Hexes/Ice                    2
   c - Confuse                        Hexes                        3
   d - Tukima's Dance                 Hexes                        3
   e - Dazzling Spray                 Conjuration/Hexes            3
Comestibles
 d - 2 bread rations


   Skills:
 - Level 1.1 Short Blades
 - Level 3.0 Dodging
 * Level 4.9 Stealth
 - Level 2.6 Spellcasting
 + Level 4.2 Hexes


You had 3 spell levels left.
You knew the following spells:

 Your Spells              Type           Power        Failure   Level  Hunger
a - Corona                Hex            ###....      4%          1    #......
h - Ensorcelled Hibernat  Hex/Ice        #.....       14%         2    ##.....


Dungeon Overview and Level Annotations

Branches:
Dungeon (4/15)
 Temple: D:4-7

Altars:
Cheibriados
Okawaru
Pakellas
Vehumet
Yredelemnul

Annotations:
D:3 Ijyb; Krapule's ghost, amateur HaWr
D:4 yungnami's ghost, amateur TrBe


Innate Abilities, Weirdness & Mutations

You are tiny and cannot use many weapons and most armour.
You have supernaturally acute eyesight.
You are a herbivore.
You cover ground extremely quickly.
You need consume almost no food.


Message History

Frost spreads across the the floor.
The hound bites you. The hound misses you.
Casting: Ensorcelled Hibernation
Confirm with . or Enter, or press ? or * to list all spells.
Aiming: Ensorcelled Hibernation
Press: ? - help, Shift-Dir - straight line, f/p - hound
Aim: a hound (chance to defeat MR: 49%)
The hound resists with some effort.
The hound closely misses you.
You see here 18 gold pieces.
You now have 18 gold pieces.
The hound misses you.
You open the door. The hound bites you.
There is an open door here.
The hound bites you.
* * * LOW HITPOINT WARNING * * *
The hound bites you.
* * * LOW HITPOINT WARNING * * *
The hound bites you.
* * * LOW HITPOINT WARNING * * *
Your magical contamination has completely faded away.
You open the door. The hound bites you.
You die...

#......#
#...####.#
#...####.
#...#....
#...#...
#...#...
#...##.#
###'##'##
#.....@.#
#.....h.#
#.......#
#.......#
#.....[.#
#...##+##
#...##
#....#
#....+


You could see a hound.

Vanquished Creatures
  2 giant geckos (D:2)
  A bat (D:2)
  A giant cockroach (D:3)
  A hobgoblin (D:3)
  A kobold (D:2)
  2 goblins (D:2)
  3 rats
11 creatures vanquished.

Notes
Turn   | Place    | Note
--------------------------------------------------------------
     0 | D:1      | Charly the Spriggan Enchanter began the quest for the Orb.
     0 | D:1      | Reached XP level 1. HP: 9/9 MP: 5/5
     0 | D:1      | 10
    36 | D:2      | Found a basalt altar of Yredelemnul.
    47 | D:2      | Found an iron altar of Okawaru.
    78 | D:2      | Found an oddly glowing altar of Pakellas.
   151 | D:2      | Reached XP level 2. HP: 11/13 MP: 6/6
   152 | D:2      | Found a snail-covered altar of Cheibriados.
   159 | D:2      | Learned a level 2 spell: Ensorcelled Hibernation
   220 | D:2      | You fall through a shaft!
   225 | D:3      | Noticed Krapule's ghost (amateur HaWr)
   346 | D:3      | Noticed Ijyb
   363 | D:4      | Noticed yungnami's ghost (amateur TrBe)
   365 | D:4      | Found a radiant altar of Vehumet.
   439 | D:4      | Slain by a hound

Skill      XL: |  1 |
---------------+----+-----
Hexes          | 4 |  4.2
Short Blades   | |  1.1
Dodging        | |  3.0
Stealth        | |  4.9
Spellcasting   | |  2.6

Action                   || total
-------------------------++-------
Melee: Dagger            ||    23
 Cast: Corona            ||     6
       Ensorcelled Hiber ||     5
 Stab: Sleeping          ||     6
  Eat: Pizza             ||     1
Armor: Robe              ||     4
Dodge: Dodged            ||    23
